 Seeded DCSS version 0.31.0-32-g396128a36d (webtiles) character file.

Game seed: 6748020140247286261 (custom seed)

944 Alphaeus the Ruffian (level 7, -1/67 HPs)
             Began as a Troll Shapeshifter on Mar 19, 2024.
             Was a Believer of Cheibriados.
             Slain by a gnoll
             ... wielding a +0 spear
             ... led by a gnoll sergeant
              (4 damage)
             ... on level 5 of the Dungeon.
             The game lasted 00:04:42 (3205 turns).

Alphaeus the Ruffian (Troll Shapeshifter)           Turns: 3205, Time: 00:04:43

Health: -1/67      AC:  5    Str: 28    XL:     7   Next: 88%
Magic:  6/6        EV: 10    Int: 13    God:    Cheibriados [**....]
Gold:   238        SH:  0    Dex: 14    Spells: 6/6 levels left

rFire   . .          .
                       - Unarmed
rCold   . . .        (no shield)
rNeg    . . .        a - +1 animal skin
rPois   .            (helmet currently unavailable)
rElec   .            (cloak currently unavailable)
rCorr   .            (gloves unavailable)
SInv    .            (boots unavailable)
Will    .....        (no amulet)
Stlth   +            (no ring)
HPRegen 1.11/turn    (no ring)
MPRegen 0.10/turn

%: no passive effects
@: lethally poisoned (-1 -> -3), beast-form, weak-willed, very slow
A: beast (slay +3), large, unfitting armour, claws 3, regeneration 1, shaggy fur
1, tough skin 1
a: Begin Untransformation, Renounce Religion, Bend Time


You were on level 5 of the Dungeon.
You worshipped Cheibriados.
Cheibriados was pleased with you.
You were a hulking beast.
You visited 1 branch of the dungeon, and saw 5 of its levels.
You also visited: Ossuary.

You collected 238 gold pieces.

Inventory:

Armour
 a - a +1 animal skin (worn)
 k - an orb of guile
Talismans
 c - a beast talisman
 d - a flux talisman
Scrolls
 e - 3 scrolls of teleportation
 q - a scroll of amnesia
Potions
 b - 6 potions of lignification
 f - 2 potions of curing
 i - 2 potions of heal wounds
 j - 4 potions of enlightenment
 m - a potion of berserk rage {unknown}
 o - a potion of mutation {unknown}
 s - a potion of brilliance {unknown}
 v - a potion of invisibility {unknown}


   Skills:
 + Level 3.2 Fighting
 - Level 1.5 Dodging
 * Level 6.4 Unarmed Combat
 * Level 6.0 Shapeshifting


You had 6 spell levels left.
You didn't know any spells.
Your spell library contained the following spells:

 Spells                   Type           Power      Damage    Failure   Level
 Hailstorm                Conj/Ice       0%         3d5       67%         3
 Summon Ice Beast         Ice/Summ       0%         N/A       67%         3
 Sculpt Simulacrum        Ice/Alch       0%         N/A       100%        6


Dungeon Overview and Level Annotations

Branches:
Dungeon (5/15)             Temple (0/1) D:5         Ossuary (visited)

Altars:
Cheibriados


Innate Abilities, Weirdness & Mutations

You are a hulking beast.
Your limbs bulge with bestial killing power. (Slay +3)
You are too large for most types of armour.
You have claws for hands.
Your natural rate of healing is unusually fast.
You are covered in fur. (AC +1)
You have tough skin. (AC +1)


Message History

The gnoll hits you from afar with a +0 spear.
The gnoll hits you but does no damage.
The gnoll sergeant hits you but does no damage.
As you read the scroll labelled VEMPIG UPTEGG, it crumbles to dust.
You feel aware of your surroundings.
You sensed 1 altar.
It was a scroll of revelation.
The gnoll hits you but does no damage. x2
The gnoll sergeant hits you from afar with a +0 spear.
* * * LOW HITPOINT WARNING * * *
The air fills with toxic fumes!
As you read the scroll labelled JAKHLU GUZI, it crumbles to dust.
It was a scroll of poison.
The gnoll hits you but does no damage.
The gnoll hits you from afar with a +0 spear.
* * * LOW HITPOINT WARNING * * *
The gnoll sergeant hits you from afar with a +0 spear.
* * * LOW HITPOINT WARNING * * *
You feel much better. The gnoll barely misses you.
The gnoll hits you but does no damage.
The gnoll sergeant hits you but does no damage.
The gnoll hits you but does no damage. x2
The gnoll sergeant hits you but does no damage.
The gnoll hits you but does no damage. x2
The gnoll sergeant hits you but does no damage.
The gnoll hits you but does no damage. x2
The gnoll sergeant hits you but does no damage.
The gnoll hits you but does no damage. The gnoll barely misses you.
The gnoll sergeant hits you from afar with a +0 spear!
You feel less wooden.
Your +1 animal skin unmelds from your body.
You turn into a hulking beast.
The gnoll hits you but does no damage.
The gnoll hits you from afar with a +0 spear.
The gnoll sergeant hits you from afar with a +0 spear!
Okay, then.
You are engulfed in poison gas.
You are poisoned.
* * * LOW HITPOINT WARNING * * *
You feel very sick. The gnoll hits you with a +0 spear.
* * * LOW HITPOINT WARNING * * *
The gnoll hits you from afar with a +0 spear.
You die...

****** *,,,,,,***
,,,,,***###############,,*******
*****,,*###############*,,,,,,,**
*,,*###############**,,,,,,,*
**,,*############### **,,,,,,*
*,,**################**,,,,,,,
*,,* ######§§§§§§§§§.,,,,,,,,,
#.,* #####☼§§§g§§§○§.,,,,,,,,*
#..* ####§○§.hgg§☼§§.,,,,,,,**
#..* ###§§☼###g5§§§§.,,*,,,,*
*#.#*##☼§§####h§§§§○.,**,,,**
#[.##§☼§####...§####****,,*
#...§§§#####..##### *****
#...§§#####..#####♣ *,**
#...§#####..#####♣♣ *,,*
#....####..#####♣♣♣ **,,
#...^.##...# **** **,


You could see a gnoll sergeant (weak-willed), 3 gnolls, an ufetubus
(weak-willed) and a jackal.

Vanquished Creatures
  A phantom (D:4)
  A weeping skull (Ossuary)
  6 water moccasin zombies (Ossuary)
  A bombardier beetle (D:3)
  A jelly (D:4)
  Crazy Yiuf (D:2)
  An iguana (D:4)
  Terence (D:2)
  2 crocodile zombies (Ossuary)
  A bullfrog simulacrum (Ossuary)
  2 mummies (Ossuary)
  5 gnolls
  11 adders
  An ufetubus (D:5)
  5 adder zombies (Ossuary)
  3 dart slugs
  A ribbon worm (D:3)
  2 orcs
  A bat (D:1)
  4 endoplasms
  3 giant cockroaches
  10 goblins
  5 hobgoblins
  A jackal (D:5)
  4 kobolds
  8 quokkas
  2 ball pythons
  8 frilled lizards
  4 gnoll zombies (Ossuary)
  5 jackal zombies (Ossuary)
  3 orc zombies (Ossuary)
  4 rats
108 creatures vanquished.

Notes
Turn   | Place    | Note
-------+----------+-------------------------------------------
     0 | D:1      | Alphaeus the Troll Shapeshifter began the quest for the
                  | Orb.
     0 | D:1      | Reached XP level 1. HP: 18/18 MP: 0/0
   191 | D:1      | Reached skill level 1 in Fighting
   238 | D:1      | Reached XP level 2. HP: 27/27 MP: 1/1
   660 | D:2      | Found a runed translucent door.
   661 | D:2      | Noticed Crazy Yiuf
   709 | D:2      | Reached XP level 3. HP: 33/33 MP: 2/2
   925 | D:2      | Noticed Terence
   940 | D:2      | Killed Terence
   941 | D:2      | Reached XP level 4. HP: 33/41 MP: 3/3
  1214 | D:2      | Killed Crazy Yiuf
  1556 | D:3      | Found a snail-covered altar of Cheibriados.
  1569 | D:3      | Became a worshipper of Cheibriados the Contemplative
  1604 | D:3      | Reached XP level 5. HP: 48/49 MP: 4/4
  2254 | D:3      | Reached * piety under Cheibriados
  2388 | D:4      | Noticed a phantom
  2394 | D:4      | Killed a phantom
  2395 | D:4      | Reached XP level 6. HP: 57/57 MP: 5/5
  2397 | D:4      | Reached skill level 5 in Unarmed Combat
  2467 | D:4      | Found a sand-covered staircase.
  2473 | Ossuary  | Entered an ossuary
  2520 | Ossuary  | Reached skill level 5 in Shapeshifting
  2562 | Ossuary  | Reached XP level 7. HP: 63/66 MP: 6/6
  2582 | Ossuary  | Reached ** piety under Cheibriados
  3157 | D:5      | Entered Level 5 of the Dungeon
  3205 | D:5      | HP: 3/67 [gnoll/+0 spear[a gnoll sergeant] (4)]
  3205 | D:5      | Slain by a gnoll

Illustrated notes

Levels and vault maps discovered:
D:1:      ncdulo_smallfort, layout_basic
D:2:      layout_basic, serial_forest, infiniplex_forest_clump_double,
          infiniplex_forest_clump_small, infiniplex_forest_straight_3,
          infiniplex_forest_clump_medium, infiniplex_forest_end_2,
          infiniplex_forest_lined_4_way, uniq_crazy_yiuf_cottage, uniq_terence
D:3:      layout_loops_corners, slow_altar_2, serial_bayou, serial_bayou_ford_a,
          serial_bayou_crossing, serial_bayou_pond_c, serial_bayou_shore_a
D:4:      layout_basic, enter_ossuary_5, lemuel_flame_loot_1
D:5:      layout_layer_cave, fedhas_altar_4,
          minmay_temple_entry_drinking_statues, st_stairs_8, item_on_display_b

Skill      XL: |  1  2  3  4  5  6  7 |
---------------+----------------------+-----
Fighting       | 1 2 3 |  3.2
Unarmed Combat | 4 5 6 |  6.4
Shapeshifting  | 4 5 6 |  6.0
Dodging        | |  1.5

Action                     |  1- 3 |  4- 6 |  7- 9 || total
---------------------------+-------+-------+-------++-------
  Melee: Unarmed           |    79 |   125 |    87 ||   291
         Punch             |       |     3 |     1 ||     4
    Use: Scroll            |       |       |    12 ||    12
         Potion            |       |       |     2 ||     2
   Stab: Sleeping          |       |     1 |       ||     1
 Armour: Animal skin       |    40 |    71 |    62 ||   173
         Skin              |       |       |   110 ||   110
  Dodge: Dodged            |    42 |    48 |    42 ||   132
